 Dungeon Crawl Stone Soup version 0.21-a0-552-g593960d (webtiles) character file.

2269 sithsevirus the Covert (level 9, -11/34 HPs)
             Began as a Felid Air Elementalist on Dec 17, 2017.
             Was a Priest of Sif Muna.
             Mangled by a minotaur
             ... wielding a +4 war axe of chopping
              (45 damage)
             ... in a labyrinth on Dec 18, 2017.
             The game lasted 01:37:23 (19896 turns).

sithsevirus the Covert (Felid Air Elementalist)    Turns: 19896, Time: 01:37:24

Health: -11/34     AC:  4    Str:  7    XL:     9   Next: 16%
Magic:  8/15       EV: 29    Int: 20    God:    Sif Muna [***...]
Gold:   470        SH:  4    Dex: 22    Spells: 4/14 levels left
                                        Lives:  0   Deaths: 3

rFire    . . .     SeeInvis +   (weapon unavailable)
rCold    . . .     Gourm    .   (shield unavailable)
rNeg     . . .     Faith    .   (armour unavailable)
rPois    .         Spirit   .   (helmet unavailable)
rElec    .         Reflect  +   (cloak unavailable)
rCorr    .         Harm     .   (gloves unavailable)
MR       +....                  (boots unavailable)
Stlth    ++++++....             m - +4 amulet of reflection
HPRegen  0.11/turn              l - +5 ring of dexterity
MPRegen  0.14/turn              u - +3 ring of strength

@: quick
A: very small, no armour, no weapons or thrown items, stealth, claws 1, fangs 3,
icy blue scales 1, see invisible, carnivore 3, deterioration 1, speed 1, shaggy
fur 2, slow metabolism 1, sharp paws
a: Divine Energy, Channel Magic, Renounce Religion


You were in a labyrinth.
You worshipped Sif Muna.
Sif Muna was most pleased with you.
You were not hungry.

You visited 3 branches of the dungeon, and saw 12 of its levels.
You also visited: Labyrinth.

You collected 470 gold pieces.

Inventory:

Jewellery
 l - a +5 ring of dexterity (left paw)
 m - a +4 amulet of reflection (around neck)
 q - an uncursed ring of protection from fire {unknown}
 s - an uncursed ring of resist corrosion
 u - a +3 ring of strength (right paw)
 x - an uncursed ring of ice
Scrolls
 d - 5 scrolls of teleportation
 e - 9 scrolls of identify
 f - a scroll of blinking
 n - a scroll of remove curse
 r - 2 scrolls of magic mapping
 w - a scroll of fog
Potions
 c - a potion of might {unknown}
 g - 5 potions of haste
 h - a potion of degeneration {unknown}
 j - a potion of berserk rage {unknown}
 k - 6 potions of curing
 p - a potion of agility
 t - 2 potions of heal wounds {unknown}
 v - 4 potions of flight {unknown}
 z - a potion of lignification {unknown}
Books
 a - a book of Air

   Spells                             Type                      Level
   a - Shock                          Conjuration/Air              1
   b - Swiftness                      Charms/Air                   2
   c - Static Discharge               Conjuration/Air              3
   d - Airstrike                      Air                          4
   e - Lightning Bolt                 Conjuration/Air              5
 i - a Young Poisoner's Handbook

   Spells                             Type                      Level
   a - Sting                          Conjuration/Poison           1
   b - Poisonous Vapours              Poison/Air                   2
   c - Mephitic Cloud                 Conjuration/Poison/Air       3
   d - Olgreb's Toxic Radiance        Poison                       4
   e - Venom Bolt                     Conjuration/Poison           5
Miscellaneous
 y - a box of beasts
Comestibles
 b - 6 meat rations
 o - 8 royal jellies


   Skills:
 + Level 10.4 Dodging
 + Level 11.1 Stealth
 + Level 3.3 Spellcasting
 + Level 7.2 Conjurations
 * Level 9.5 Air Magic


You had 4 spell levels left.
You knew the following spells:

 Your Spells              Type           Power        Failure   Level  Hunger
a - Shock                 Conj/Air       ####         1%          1    None
b - Swiftness             Chrm/Air       ###.....     3%          2    ##.....
c - Lightning Bolt        Conj/Air       #####.....   12%         5    ######.
d - Poisonous Vapours     Pois/Air       ###...       3%          2    ##.....


Dungeon Overview and Level Annotations

Branches:
Dungeon (10/15)            Temple (1/1) D:5            Lair (1/6) D:8
    Orc (0/2) D:9

Altars:
Ashenzari
Cheibriados
Dithmenos
Elyvilon
Fedhas
Gozag
Hepliaklqana
Kikubaaqudgha
Makhleb
Nemelex Xobeh
Okawaru
Qazlal
Ru
Sif Muna
Trog
Uskayaw
Vehumet
Wu Jian
Xom
Yredelemnul
Zin
The Shining One

Shops:
D:5 *

Annotations:
D:4 Eustachio
D:8 Statics's ghost, novice GnWn
Lair:1 Gastronok


Innate Abilities, Weirdness & Mutations

You cannot wear armour.
You are incapable of wielding weapons or throwing items.
Your paws allow you to move quietly. (Stealth)
You have sharp claws.
You have razor-sharp teeth.
You have supernaturally acute eyesight. (SInv)
You are carnivorous and can eat meat at any time.
You cover ground quickly.
You are covered in thick fur. (AC +2)
You have a slow metabolism.
Your sharp claws are effective at attacking unaware monsters.
You are partially covered in icy blue scales. (AC +2)
Your body sometimes deteriorates upon taking damage.


Message History

Poisonous vapours surround the minotaur!
The minotaur looks more healthy.
The minotaur is engulfed in poison gas.
The minotaur is poisoned.
Casting: Poisonous Vapours
Confirm with . or Enter, or press ? or * to list all spells.
Aiming: Poisonous Vapours
Press: ? - help, Dir - move target cursor, f/p - minotaur
Aim: a minotaur, wielding a +4 war axe of chopping and wearing a scale mail (heavily wounded, poisoned) Poisonous vapours surround the minotaur!
The minotaur is engulfed in poison gas.
The minotaur looks even sicker.
Casting: Poisonous Vapours
Confirm with . or Enter, or press ? or * to list all spells.
Aiming: Shock
Press: ? - help, Shift-Dir - straight line, f/p - minotaur
Aim: a minotaur, wielding a +4 war axe of chopping and wearing a scale mail (heavily wounded, poisoned)
The zap hits the minotaur.
The minotaur is severely wounded.
The minotaur hits you with a +4 war axe of chopping!!!
Ouch! That really hurt!
You die...

.# . .# #.# ##
.# # . .#.
##.###.######..
▓....... .. ..##
## # ▓ #.#
###.#### #.# #
▓. . #...
.#..#.# ≈ ▓#
#.#.#####..'. <
# ..#@....# .# #
≈≈ ###H#.###. #.
#...#...#
.######
###.######......
#...............
###.##########
#. ..... . .
###.### ## # #
#.. . . .


You could see a minotaur.

Vanquished Creatures
  2 two-headed ogres
  A troll (D:10)
  Grinder (D:3)
  4 hogs
  A human (D:6)
  3 sky beasts (D:6)
  A hornet zombie (D:7)
  2 black bears
  5 orc warriors
  2 ice beasts (D:7)
  A necrophage (D:9)
  A phantom (D:7)
  8 ogres
  5 centaurs
  A big kobold (D:10)
  9 bullfrogs
  2 scorpions
  A wyvern skeleton (D:10)
  An electric eel (D:6)
  5 howler monkeys
  2 crimson imps
  A bullfrog zombie (D:7)
  A quasit (D:6)
  2 centaur skeletons
  A centaur zombie (D:7)
  2 hounds
  6 jellies
  8 orc priests
  3 bullfrog skeletons
  7 orc wizards
  Natasha (thrice) (D:3)
  5 worker ants
  A hound zombie (D:6)
  8 gnolls
  12 adders
  11 oozes
  An adder zombie (D:5)
  2 worms
  A dart slug (D:3)
  2 leopard geckos (D:5)
  40 orcs
  8 bats
  7 giant cockroaches
  7 goblins
  7 hobgoblins
  20 jackals
  16 kobolds
  6 quokkas
  4 frilled lizards
  2 jackal skeletons
  A jackal zombie (D:5)
  2 leopard gecko skeletons
  A quokka skeleton (D:4)
  A quokka zombie (D:8)
  3 rats (D:1)
260 creatures vanquished.

Vanquished Creatures (others)
  10 toadstools (D:3)
10 creatures vanquished.

Grand Total: 270 creatures vanquished

Notes
Turn   | Place    | Note
-------+----------+-------------------------------------------
     0 | D:1      | sithsevirus the Felid Air Elementalist began the quest for the Orb.
     0 | D:1      | Reached XP level 1. HP: 7/7 MP: 4/4
    26 | D:1      | Reached skill level 1 in Conjurations
   216 | D:1      | Reached skill level 3 in Stealth
   216 | D:1      | Reached XP level 2. HP: 10/11 MP: 0/6
   677 | D:1      | Learned a level 2 spell: Swiftness
  1051 | D:1      | Reached XP level 3. HP: 14/14 MP: 4/7
  2386 | D:2      | Found a glowing golden altar of the Shining One.
  2732 | D:3      | Reached XP level 4. HP: 18/18 MP: 2/8
  2863 | D:3      | Noticed Natasha
  3111 | D:3      | Killed Natasha
  3111 | D:3      | Reached skill level 4 in Stealth
  3116 | D:3      | Gained mutation: Your mind is acute. (Int +2) [potion of mutation]
  3116 | D:3      | Gained mutation: Your magical capacity is low. (-10% MP) [potion of mutation]
  3116 | D:3      | Gained mutation: You are somewhat resistant to further mutation. [potion of mutation]
  3233 | D:3      | Noticed Natasha
  3236 | D:3      | Killed Natasha
  3317 | D:3      | Reached XP level 5. HP: 15/21 MP: 3/8
  3775 | D:3      | Noticed Grinder
  3789 | D:3      | Killed Grinder
  3789 | D:3      | Reached skill level 5 in Dodging
  3789 | D:3      | Reached skill level 5 in Stealth
  3789 | D:3      | Gained mutation: You are covered in thick fur. (AC +2) [Felid growth]
  3789 | D:3      | Reached XP level 6. HP: 12/24 MP: 0/9
  4428 | D:3      | Noticed Natasha
  4439 | D:3      | Killed Natasha
  4812 | D:4      | Reached XP level 7. HP: 27/27 MP: 4/10
  4865 | D:4      | Lost mutation: Your mind is acute. (Int +2) [potion of mutation]
  4865 | D:4      | Lost mutation: Your magical capacity is low. (-10% MP) [potion of mutation]
  4865 | D:4      | Lost mutation: You are somewhat resistant to further mutation. [potion of mutation]
  4865 | D:4      | Gained mutation: Your body sometimes deteriorates upon taking damage. [potion of mutation]
  4865 | D:4      | Gained mutation: You are partially covered in icy blue scales. (AC +2) [potion of mutation]
  5077 | D:4      | Reached skill level 6 in Stealth
  5461 | D:4      | Learned a level 5 spell: Lightning Bolt
  5615 | D:4      | Found a sacrificial altar of Ru.
  5892 | D:5      | Entered Level 5 of the Dungeon
  5941 | D:5      | Noticed Eustachio
  6074 | D:5      | Reached skill level 7 in Stealth
  6184 | D:5      | Found a staircase to the Ecumenical Temple.
  6359 | Temple   | Entered the Ecumenical Temple
  6530 | Temple   | Became a worshipper of Sif Muna the Loreminder
  6617 | D:5      | Reached XP level 8. HP: 31/31 MP: 3/12
  6689 | D:5      | Found an iron altar of Okawaru.
  7112 | D:5      | Reached skill level 5 in Air Magic
  7227 | D:5      | Found a shadowy altar of Dithmenos.
  7265 | D:5      | Found a glowing silver altar of Zin.
  7267 | D:5      | Noticed an angel
  7271 | D:5      | Found a shimmering altar of Xom.
  7751 | D:5      | Found Heewn's Assorted Antiques.
  7849 | D:5      | Found a hide-covered altar of Uskayaw.
  8262 | D:6      | Reached skill level 8 in Stealth
  8587 | D:6      | Reached skill level 5 in Conjurations
  9105 | D:6      | Reached XP level 9. HP: 33/34 MP: 6/13
  9309 | D:6      | Reached * piety under Sif Muna
  9678 | D:6      | Found a radiant altar of Vehumet.
  9744 | D:7      | Reached skill level 9 in Stealth
 10731 | D:7      | Shot with an arrow by a centaur
 10732 | D:7      | Reached XP level 8. HP: 0/31 MP: 2/12
 10988 | D:7      | Reached ** piety under Sif Muna
 11262 | D:6      | Reached XP level 9. HP: 22/34 MP: 9/13
 11382 | D:6      | Reached skill level 10 in Stealth
 11832 | D:7      | Learned a level 4 spell: Airstrike
 11875 | D:8      | Noticed Statics's ghost (novice GnWn)
 13310 | D:7      | Slain by an orc warrior
 13311 | D:7      | Reached XP level 8. HP: -1/31 MP: 10/12
 14211 | D:8      | Found a staircase to the Lair.
 14407 | D:9      | Learned a level 2 spell: Poisonous Vapours
 14491 | D:9      | Found a staircase to the Orcish Mines.
 14559 | D:9      | Found a hazy altar of Hepliaklqana.
 14835 | D:9      | Reached XP level 9. HP: 34/34 MP: 8/13
 14908 | D:9      | Found a snail-covered altar of Cheibriados.
 14909 | D:9      | Found a stormy altar of Qazlal.
 14909 | D:9      | Found a basalt altar of Yredelemnul.
 14910 | D:9      | Found an opulent altar of Gozag.
 15128 | D:9      | Noticed a two-headed ogre
 15162 | D:9      | Killed a two-headed ogre
 15433 | D:10     | Entered Level 10 of the Dungeon
 15436 | D:10     | Reached skill level 10 in Dodging
 15528 | D:10     | Reached *** piety under Sif Muna
 15648 | D:10     | Noticed a troll
 15689 | D:10     | Killed a troll
 16047 | D:10     | Noticed a two-headed ogre
 16074 | D:10     | Killed a two-headed ogre
 16074 | D:10     | Reached skill level 11 in Stealth
 16203 | D:10     | Reached XP level 10. HP: 27/37 MP: 7/15
 16398 | D:10     | Noticed a gargoyle
 18026 | Lair:1   | Entered Level 1 of the Lair of Beasts
 18026 | Lair:1   | Noticed Gastronok
 18328 | Lair:1   | Found a labyrinth entrance.
 18355 | Lab      | Entered a labyrinth
 19846 | Lab      | Noticed a minotaur
 19859 | Lab      | HP: 1/37 [minotaur/war axe of chopping (11)]
 19859 | Lab      | Slain by a minotaur
 19860 | Lab      | Reached XP level 9. HP: 0/34 MP: 11/15
 19896 | Lab      | Mangled by a minotaur

Vault maps used:
D:1:      enne_arrival_octagon_isle, serial_park_tiny_2
D:2:      old_standard_altar, kennysheep_flooded_box
D:3:      cheibrodos_fertilizer, uniq_grinder, uniq_natasha
D:4:      first_bread, nicolae_ru_the_path_less_chosen
D:5:      grunt_temple_overflow_order_and_chaos_1, marbit_many_paths,
          grunt_dithmenos_smoke_and_mirrors, lemuel_doored_altar,
          minmay_temple_entry_trees, serial_shops, shop, minmay_misc_feat_x,
          hangedman_glass_teeth, uniq_eustachio
D:6:      overflow_temple_1_default, minmay_crystal_water
D:7:      grunt_livestock
D:8:      lair_entry_dummy
D:9:      cheibriados_altar_1, old_standard_altar,
          nicolae_overflow_hidden_temple, orc_0_dummy, bh_walls_and_bars
D:10:     minmay_curled_crystal
Temple:   nicolae_temple_figure_zero
Lair:1:   lab_entry_generic, minmay_lair_oklob_chamber, uniq_sonja,
          uniq_gastronok
Lab:      labyrinth_watery, nicolae_lab_hexagon

Skill      XL: |  1  2  3  4  5  6  7  8  9 |
---------------+----------------------------+-----
Conjurations   | 1 2 3 4 5 7 |  7.2
Stealth        | 3 4 5 7 8 11 | 11.1
Dodging        | 3 4 5 6 9 10 | 10.4
Air Magic      | 3 4 6 9 |  9.5
Spellcasting   | 3 |  3.3

Action                   |  1- 3 |  4- 6 |  7- 9 | 10-12 || total
-------------------------+-------+-------+-------+-------++-------
Melee: Unarmed           |    10 |       |   114 |    31 ||   155
       Bite              |       |       |    12 |     4 ||    16
 Cast: Shock             |   107 |   118 |   658 |    85 ||   968
       Poisonous Vapours |       |       |    25 |     7 ||    32
Invok: Divine Energy     |       |       |     1 |       ||     1
       Stop Divine Energ |       |       |     1 |       ||     1
Evoke: Wand              |       |       |     4 |       ||     4
  Use: Potion            |       |     2 |     1 |       ||     3
       Scroll            |       |     7 |     8 |       ||    15
 Stab: Sleeping          |       |       |     3 |       ||     3
  Eat: Chunk             |    11 |     7 |    38 |     5 ||    61
Armor: Skin              |     4 |       |    23 |     3 ||    30
Dodge: Dodged            |    51 |    11 |   364 |    62 ||   488
Block: Other             |       |     1 |    50 |    11 ||    62
       Reflection        |       |       |     2 |     3 ||     5

Table legend:
 A = Spawn XP
 B = Non-spawn XP
 C = Spawn XP percentage of total XP
 D = Spawn monster count
 E = Non-spawn monster count
 F = Spawn count percentage of total count
 G = Total turns spent on level
                    A         B        C        D         E        F      G
               +---------+---------+-------+---------+---------+-------+---------
         Total |       0 |   10836 |   0.0 |       0 |     260 |   0.0 | 19896
               +---------+---------+-------+---------+---------+-------+---------
           D:1 |       0 |      50 |   0.0 |       0 |      25 |   0.0 |  1451
           D:2 |       0 |      40 |   0.0 |       0 |      15 |   0.0 |  1267
           D:3 |       0 |     627 |   0.0 |       0 |      39 |   0.0 |  2075
           D:4 |       0 |     504 |   0.0 |       0 |      17 |   0.0 |  1174
           D:5 |       0 |     575 |   0.0 |       0 |      27 |   0.0 |  1873
           D:6 |       0 |    2608 |   0.0 |       0 |      48 |   0.0 |  2391
           D:7 |       0 |    2023 |   0.0 |       0 |      32 |   0.0 |  3463
           D:8 |       0 |     639 |   0.0 |       0 |      14 |   0.0 |   571
           D:9 |       0 |    1320 |   0.0 |       0 |      14 |   0.0 |  1273
          D:10 |       0 |    2362 |   0.0 |       0 |      28 |   0.0 |  2307
        Lair:1 |       0 |      88 |   0.0 |       0 |       1 |   0.0 |   329
               +---------+---------+-------+---------+---------+-------+---------
